 Dungeon Crawl Stone Soup version 0.20-a0-303-g575bbf7 (webtiles) character file.

193 Karnivor the Purveyor of Pain (level 5, 0/48 HPs)
             Began as a Troll Necromancer on Dec 18, 2016.
             Was an Initiate of Kikubaaqudgha.
             Killed from afar by Karnivor's ghost (3 damage)
             ... with a magic dart
             ... on level 4 of the Dungeon.
             The game lasted 00:10:50 (3864 turns).

Karnivor the Purveyor of Pain (Troll Necromancer)   Turns: 3864, Time: 00:10:51

Health: 0/48       AC:  5    Str: 16    XL:     5   Next: 43%
Magic:  0/7        EV: 10    Int: 12    God:    Kikubaaqudgha [......]
Gold:   152        SH:  0    Dex: 10    Spells: 1/8 levels left

rFire  . . .     SeeInvis .       - Unarmed
rCold  . . .     Gourm    +     a - +0 robe
rNeg   . . .     Faith    .     (no shield)
rPois  .         Spirit   .     (helmet restricted)
rElec  .         Reflect  .     (no cloak)
rCorr  .         Harm     .     (gloves unavailable)
MR     .....                    (boots unavailable)
Stlth  ++........               (no amulet)
                                (no ring)
                                (no ring)

@: very slightly contaminated
A: unfitting armour, claws 3, fast metabolism 3, gourmand, regeneration 1,
shaggy fur 1, tough skin 2
a: Renounce Religion


You were on level 4 of the Dungeon.
You worshipped Kikubaaqudgha.
Kikubaaqudgha was noncommittal.
You were very full.

You visited 1 branch of the dungeon, and saw 4 of its levels.

You collected 152 gold pieces.

Inventory:

Armour
 a - a +0 robe (worn)
Jewellery
 e - an uncursed amulet of regeneration {unknown}
Scrolls
 j - a scroll of recharging {unknown}
 l - a scroll of teleportation
 n - a scroll of amnesia {unknown}
 o - 4 scrolls of remove curse
 p - 3 scrolls of fog {unknown}
 q - a scroll of magic mapping {unknown}
 r - a scroll of random uselessness {unknown}
 s - 2 scrolls of fear {unknown}
Potions
 f - 2 potions of might {unknown}
 g - 3 potions of agility {unknown}
 h - a potion of heal wounds {unknown}
 i - 2 potions of degeneration {unknown}
 k - a potion of mutation {unknown}
 u - 2 potions of ambrosia {unknown}
 v - a potion of flight {unknown}
Books
 b - a book of Necromancy

   Spells                             Type                      Level
   a - Pain                           Necromancy                   1
   b - Animate Skeleton               Necromancy                   1
   c - Vampiric Draining              Necromancy                   3
   d - Regeneration                   Charms/Necromancy            3
   e - Animate Dead                   Necromancy                   4
   f - Control Undead                 Necromancy                   4
Comestibles
 c - 6 bread rations
 d - 4 beef jerkies
 m - 8 fruits
 t - a royal jelly
 w - a chunk of flesh


   Skills:
 + Level 1.5 Fighting
 + Level 2.0 Dodging
 + Level 1.5 Stealth
 + Level 1.3 Unarmed Combat
 * Level 2.0 Spellcasting
 * Level 4.0 Necromancy


You had one spell level left.
You knew the following spells:

 Your Spells              Type           Power        Failure   Level  Hunger
a - Pain                  Necr           ##..         6%          1    ##.....
b - Vampiric Draining     Necr           ##........   17%         3    ####...
c - Regeneration          Chrm/Necr      #.........   34%         3    ####...


Dungeon Overview and Level Annotations

Branches:
Dungeon (4/15)
 Temple: D:4-7

Altars:
Gozag
Kikubaaqudgha
Makhleb
Nemelex Xobeh
Okawaru

Annotations:
D:4 Karnivor's ghost, amateur DrCj


Innate Abilities, Weirdness & Mutations

You are too large for most types of armour.
You have claws for hands.
Your metabolism is lightning-fast.
You like to eat raw meat.
Your natural rate of healing is unusually fast.
You are covered in fur. (AC +1)
You have very tough skin. (AC +2)


Message History

You are too injured to fight recklessly!
You are too injured to fight recklessly!
Casting: Regeneration
Confirm with . or Enter, or press ? or * to list all spells.
You miscast Regeneration.
Your claws glow momentarily.
Karnivor's ghost hits you.
* * * LOW HITPOINT WARNING * * *
Casting: Regeneration
Confirm with . or Enter, or press ? or * to list all spells.
You don't have enough magic to cast that spell.
You scratch Karnivor's ghost.
Karnivor's ghost is severely damaged.
Karnivor's ghost hits you!
* * * LOW HITPOINT WARNING * * *
You claw Karnivor's ghost!
Karnivor's ghost is almost destroyed.
Karnivor's ghost points at you and mumbles some strange words.
The magic dart hits you!
You die...
Kikubaaqudgha rasps: "You have failed me!
Welcome... death!"

... ##......##...+.....##...
....#........#...#..........
..'..(.....#...#...# #.# #
#........+...##..# #.# #
#.......#...###.###'###
..##.......#.........'_###
....'.......#....)..###'###
...##....W.##.......# #.# #
... #.....@##...##..###.###
.. #...........##+........ .
#..................+...
#...................#...
#..................##...
#.......##...##....##...
+.......####+##....##...
##......# ...... ....
#...... ...........


You could see Karnivor's ghost.

Vanquished Creatures
  Terence (D:2)
  2 worker ants (D:4)
  3 adders
  2 worms (D:2)
  A leopard gecko (D:3)
  10 orcs (D:3)
  5 giant cockroaches
  6 goblins
  7 hobgoblins
  6 kobolds
  A quokka (D:3)
  2 ball pythons
  15 bats
  3 frilled lizards
  A quokka skeleton (D:4)
  13 rats
78 creatures vanquished.

Notes
Turn   | Place    | Note
-------+----------+-------------------------------------------
     0 | D:1      | Karnivor the Troll Necromancer began the quest for the Orb.
     0 | D:1      | Reached XP level 1. HP: 16/16 MP: 1/1
   267 | D:1      | Reached XP level 2. HP: 24/24 MP: 3/3
  1021 | D:2      | Found a faded altar of an unknown god.
  1105 | D:2      | Reached XP level 3. HP: 31/31 MP: 4/4
  1128 | D:2      | Found a sparkling altar of Nemelex Xobeh.
  1129 | D:2      | Found an iron altar of Okawaru.
  1250 | D:2      | Learned a level 3 spell: Vampiric Draining
  1265 | D:2      | Noticed Terence
  1324 | D:2      | Killed Terence
  1324 | D:2      | Reached skill level 1 in Fighting
  1324 | D:2      | Reached XP level 4. HP: 30/41 MP: 1/5
  2149 | D:2      | Found a burning altar of Makhleb.
  2363 | D:3      | Reached skill level 1 in Unarmed Combat
  3011 | D:3      | Reached XP level 5. HP: 41/48 MP: 6/6
  3267 | D:3      | Found an opulent altar of Gozag.
  3641 | D:4      | Found an ancient bone altar of Kikubaaqudgha.
  3788 | D:4      | Learned a level 3 spell: Regeneration
  3802 | D:4      | Became a worshipper of Kikubaaqudgha
  3813 | D:4      | Reached skill level 4 in Necromancy
  3832 | D:4      | Noticed Karnivor's ghost (amateur DrCj)
  3863 | D:4      | HP: 2/48 [Karnivor's ghost (8)]
  3864 | D:4      | Killed from afar by Karnivor's ghost

Vault maps used:
D:1:      dpeg_arrival_rooms_c
D:2:      lightli_temple_of_fire, gammafunk_temple_overflow_statue,
          chequers_ecumenical_altar_simple_redux, uniq_terence
D:3:      nicolae_gozag_seed_capital
D:4:      tgw_trog, lemuel_doored_altar, serial_shops, kennysheep_mini, shop,
          nicolae_shop_window_shopping, shop, nicolae_shop_statue_plus,
          first_bread

Skill      XL: |  1  2  3  4  5 |
---------------+----------------+-----
Fighting       | 1 |  1.5
Unarmed Combat | 1 |  1.3
Spellcasting   | 2 |  2.0
Dodging        | 2 |  2.0
Necromancy     | 4 |  4.0
Stealth        | |  1.5

Action                   |  1- 3 |  4- 6 || total
-------------------------+-------+-------++-------
Melee: Unarmed           |   108 |   156 ||   264
       Punch             |       |     1 ||     1
 Cast: Pain              |     3 |    12 ||    15
       Vampiric Draining |     1 |     1 ||     2
       Regeneration      |       |     1 ||     1
  Use: Scroll            |     2 |       ||     2
 Stab: Sleeping          |     1 |     1 ||     2
       Distracted        |     1 |       ||     1
  Eat: Chunk             |    17 |    24 ||    41
Armor: Robe              |    80 |    47 ||   127
Dodge: Dodged            |    98 |    74 ||   172
